 Dungeon Crawl Stone Soup version 0.17-a0-1719-g1afd5a1 (webtiles) character file.

392 kosy22 the Skirmisher (level 6, -4/56 HPs)
             Began as a Hill Orc Chaos Knight on Aug 27, 2015.
             Slain by a fire bat (6 damage)
             ... on level 6 of the Dungeon.
             The game lasted 00:16:36 (2780 turns).

kosy22 the Skirmisher (Hill Orc Chaos Knight)       Turns: 2780, Time: 00:16:40

Health: -4/56      AC: 10    Str: 17    XL:     6   Next: 80%
Magic:  6/6        EV:  7    Int: 12    God:    Xom [.*....]
Gold:   50         SH:  0    Dex: 10    Spells: 0 memorised, 5 levels left

rFire  . . .     SeeInvis .     a - +1 falchion (chaos)
rCold  . . .     Clarity  .     i - +0 chain mail
rNeg   . . .     SustAt   .     (no shield)
rPois  +         Gourm    .     (no helmet)
rElec  .         Spirit   .     (no cloak)
rCorr  .         Warding  .     (no gloves)
rMut   .         Stasis   .     k - +0 pair of boots
MR     .....                    (no amulet)
Stlth  ..........               (no ring)
                                g - ring of poison resistance

@: not resistant to hostile enchantments, extremely unstealthy
A: no striking features
a: Renounce Religion


You were on level 6 of the Dungeon.
You worshipped Xom.
You were a plaything of Xom.
You were not hungry.

You visited 1 branch of the dungeon, and saw 6 of its levels.

You collected 50 gold pieces.

Inventory:

Hand weapons
 a - a +1 falchion of chaos (weapon)
 e - a +0 short sword
 r - a cursed -3 short sword
 t - a +0 giant spiked club
Armour
 b - a +2 leather armour
 f - a +2 ring mail
 i - a +0 chain mail (worn)
 k - a +0 pair of boots (worn)
 m - a +0 scale mail
Jewellery
 g - a ring of poison resistance (left hand)
Magical devices
 o - a wand of random effects (32)
 p - a wand of cold (6)
 s - a wand of slowing (20)
Scrolls
 h - a scroll of teleportation
 l - 4 scrolls of remove curse
 q - a scroll of noise {unknown}
Potions
 c - a potion of curing
Comestibles
 d - a bread ration
 n - a slice of pizza


   Skills:
 - Level 5.0 Fighting
 + Level 4.5 Long Blades
 - Level 3.7 Armour
 - Level 2.5 Dodging
 - Level 2.6 Stealth


You had 5 spell levels left.
You didn't know any spells.

Dungeon Overview and Level Annotations

Branches:
Dungeon (6/15)
 Temple: D:4-7

Altars:
Cheibriados
Sif Muna
The Shining One


Message History

You hit the fire bat.
The fire bat is lightly wounded.
The fire bat bites you but does no damage.
You closely miss the fire bat.
The fire bat is lightly wounded.
The fire bat bites you but does no damage. x2
You barely miss the fire bat.
The fire bat is lightly wounded.
The fire bat bites you.
* * * LOW HITPOINT WARNING * * *
You are engulfed in flames!
* * * LOW HITPOINT WARNING * * *
The fire bat bites you but does no damage. x2
You barely miss the fire bat.
The fire bat is lightly wounded.
The fire bat bites you.
* * * LOW HITPOINT WARNING * * *
You are engulfed in flames.
You die...
Xom chortles!

##.##
#... #..#
#..###.##
#........
#.####.#.
#)#
#§####.#
#§@b...#
########


You could see a fire bat.

Vanquished Creatures
  An ice beast (D:5)
  An ogre (D:5)
  A crocodile (D:3)
  A jelly (D:6)
  3 adders
  A shadow imp (D:5)
  2 worms
  4 orcs (D:3)
  4 giant cockroaches
  6 goblins
  6 hobgoblins
  2 ball pythons
  4 bats
  A giant gecko skeleton (D:4)
  3 giant newts
  3 kobolds
  4 rats
47 creatures vanquished.

Vanquished Creatures (collateral kills)
  A giant frog zombie (D:5)
  An orc (D:5)
2 creatures vanquished.

Grand Total: 49 creatures vanquished

Notes
Turn   | Place    | Note
--------------------------------------------------------------
     0 | D:1      | kosy22 the Hill Orc Chaos Knight began the quest for the Orb.
     0 | D:1      | Reached XP level 1. HP: 19/19 MP: 1/1
   157 | D:1      | XOM: divination: magic mapping
   159 | D:1      | XOM: potion effect (haste)
   167 | D:1      | Reached XP level 2. HP: 18/27 MP: 2/2
   417 | D:1      | XOM: harmless Divn miscast
   569 | D:1      | Reached skill level 4 in Fighting
   576 | D:1      | Reached skill level 1 in Dodging
   578 | D:1      | XOM: harmless Air miscast
   674 | D:1      | XOM: silly message
   838 | D:1      | XOM: silly message
   853 | D:1      | Reached XP level 3. HP: 33/33 MP: 3/3
   928 | D:1      | XOM: confuse monster(s)
  1180 | D:2      | XOM: noise
  1330 | D:3      | Found a deep blue altar of Sif Muna.
  1346 | D:3      | Found a snail-covered altar of Cheibriados.
  1476 | D:3      | XOM: smoke on damage
  1490 | D:3      | Noticed a crocodile
  1490 | D:3      | a worm changed into a crocodile
  1516 | D:3      | Killed a crocodile
  1516 | D:3      | Reached skill level 1 in Stealth
  1516 | D:3      | Reached XP level 4. HP: 25/41 MP: 4/4
  1516 | D:3      | Reached XP level 5. HP: 28/47 MP: 5/5
  1708 | D:3      | XOM: scenery: 1 doors close
  1805 | D:3      | XOM: mild Pois miscast
  1953 | D:4      | XOM: divination: magic mapping
  1971 | D:4      | XOM: colour smoke trail
  2040 | D:5      | Entered Level 5 of the Dungeon
  2040 | D:5      | Noticed an ice beast
  2049 | D:5      | XOM: enchant monster (good)
  2080 | D:5      | Killed an ice beast
  2080 | D:5      | Reached XP level 6. HP: 47/53 MP: 6/6
  2134 | D:5      | XOM: summons friendly quasit
  2313 | D:5      | Noticed an ogre
  2322 | D:5      | XOM: butterfly on damage
  2324 | D:5      | Killed an ogre
  2527 | D:5      | XOM: medium Conj miscast
  2586 | D:6      | Reached skill level 5 in Fighting
  2714 | D:6      | Found a glowing golden altar of the Shining One.
  2736 | D:6      | XOM: colour smoke trail
  2764 | D:6      | XOM: 1-stop teleportation journey
  2769 | D:6      | Noticed a fire bat
  2769 | D:6      | an ogre changed into a fire bat
  2780 | D:6      | HP: 2/56 [fire bat (3)]
  2780 | D:6      | Slain by a fire bat

Vault maps used:
D:1:      elethiomel_arrival_quiet
D:2:      grunt_ministairs_13
D:3:      minitemple, minmay_joined_circles, uniq_jessica
D:4:      first_bread
D:5:      uniq_eustachio
D:6:      minmay_temple_entry_grid, tso_metal_star

Action                   |  1- 3 |  4- 6 || total
-------------------------+-------+-------++-------
Melee: Falchion          |   125 |    87 ||   212
  Use: Scroll            |     6 |     2 ||     8
       Potion            |       |     1 ||     1
 Stab: Paralysed         |     9 |       ||     9
       Distracted        |       |     1 ||     1
  Eat: Bread ration      |       |     1 ||     1
       Beef jerky        |       |     1 ||     1
